 Dungeon Crawl Stone Soup version 0.20-a0-1089-g3fde505 (webtiles) character file.

2607 JeffiDaFish the Sneak (level 9, -7/81 HPs)
             Began as a White Draconian Assassin on May 3, 2017.
             Was a Follower of Dithmenos.
             Mangled by a two-headed ogre
             ... wielding a +0 giant club
              (8 damage)
             ... on level 8 of the Dungeon.
             The game lasted 00:34:55 (7044 turns).

JeffiDaFish the Sneak (White Draconian Assassin)    Turns: 7044, Time: 00:34:55

Health: -7/81      AC: 10    Str: 17    XL:     9   Next: 33%
Magic:  14/14      EV: 14    Int: 16    God:    Dithmenos [*.....]
Gold:   427        SH:  0    Dex: 16    Spells: 6/15 levels left

rFire    . . .     SeeInvis .   u - +1 rapier
rCold    + . .     Gourm    .   (no shield)
rNeg     . . .     Faith    .   (armour unavailable)
rPois    .         Spirit   .   (helmet restricted)
rElec    .         Reflect  .   c - +1 cloak
rCorr    .         Harm     .   a - +0 pair of gloves
MR       .....     Clarity  +   (no boots)
Stlth    ++++......             (no amulet)
Regen    0.3/turn               o - +5 ring of intelligence
MPRegen  0.2/turn               m - +3 ring of strength

@: wreathed by umbra, drained
A: breathe frost, unfitting armour, horns 1, clarity, cold resistance 1, robust
1, cold-blooded, AC +7
a: Breathe Frost, Renounce Religion


You were on level 8 of the Dungeon.
You worshipped Dithmenos.
Dithmenos was aware of your devotion.
You were not hungry.

You visited 2 branches of the dungeon, and saw 9 of its levels.

You collected 470 gold pieces.
You spent 43 gold pieces at shops.

Inventory:

Hand Weapons
 b - a +0 blowgun
 r - a +0 hunting sling of freezing
 u - a +1 rapier (weapon)
 y - a +2 dagger of venom
Missiles
 e - 7 curare-tipped needles
 p - 37 poisoned needles
 s - 161 stones (quivered)
 t - 33 sling bullets
Armour
 a - a +0 pair of gloves (worn)
 c - a +1 cloak (worn)
Jewellery
 k - an uncursed ring of protection from fire
 m - a +3 ring of strength (right hand)
 o - a +5 ring of intelligence (left hand)
 F - an uncursed ring of poison resistance {unknown}
Wands
 D - a wand of disintegration (7/24)
Scrolls
 h - 3 scrolls of recharging
 n - 2 scrolls of remove curse
 v - 9 scrolls of identify
 A - 3 scrolls of amnesia
 B - 3 scrolls of magic mapping
Potions
 g - 2 potions of agility
 j - 2 potions of might
 w - 3 potions of curing
 x - 3 potions of heal wounds
 z - a potion of flight
Books
 q - a book of Callings

   Spells                             Type                      Level
   a - Summon Small Mammal            Summoning                    1
   b - Call Imp                       Summoning                    2
   c - Call Canine Familiar           Summoning                    3
   d - Summon Guardian Golem          Hexes/Summoning              3
   e - Summon Lightning Spire         Summoning/Air                4
   f - Summon Ice Beast               Ice/Summoning                4
Comestibles
 d - 2 fruits
 f - 4 bread rations
 C - a royal jelly


   Skills:
 + Level 5.2(4.7) Fighting
 + Level 4.8(4.4) Short Blades
 + Level 4.0(3.5) Throwing
 + Level 3.7(3.3) Dodging
 * Level 7.7(7.1) Stealth
 + Level 3.5(3.1) Spellcasting
 + Level 3.9(3.4) Summonings
 + Level 3.1(2.7) Ice Magic


You had 6 spell levels left.
You knew the following spells:

 Your Spells              Type           Power        Failure   Level  Hunger
a - Call Imp              Summ           ##......     7%          2    ##.....
b - Summon Ice Beast      Ice/Summ       ##......     45%         4    #####..
c - Summon Guardian Gole  Hex/Summ       #.......     26%         3    ###....


Dungeon Overview and Level Annotations

Branches:
Dungeon (8/15)             Temple (1/1) D:6
   Lair: D:8-11

Altars:
Ashenzari
Cheibriados
Dithmenos
Elyvilon
Fedhas
Gozag
Hepliaklqana
Kikubaaqudgha
Makhleb
Nemelex Xobeh
Okawaru
Ru
Trog
Uskayaw
Vehumet
Wu Jian
Xom
Yredelemnul
Zin
The Shining One

Shops:
D:4 *   D:5 =((   D:8 :


Innate Abilities, Weirdness & Mutations

You can breathe waves of freezing cold.
You can buffet flying creatures when you breathe cold.
Your icy white scales are hard. (AC +7)
You cannot fit into any form of body armour.
Your flesh is cold resistant. (rC+)
You are cold-blooded and may be slowed by cold attacks.
You have a pair of small horns on your head.
You possess an exceptional clarity of mind.
You are robust. (+10% HP)


Message History

The adder barely misses you.
You hit the adder.
The adder is moderately wounded.
The adder misses you.
You puncture the adder!
You kill the adder!
Dithmenos accepts your kill.
You see here an adder corpse.
A bullfrog comes into view.
The bullfrog moves out of view.
The two-headed ogre looks more healthy.
The two-headed ogre barely misses you.
The two-headed ogre hits you with a giant spiked club.
* * * LOW HITPOINT WARNING * * *
You hit the two-headed ogre.
The two-headed ogre is heavily wounded.
The two-headed ogre hits you with a giant club!!
* * * LOW HITPOINT WARNING * * *
The two-headed ogre hits you with a giant spiked club!
You die...

..####.# #.#....#
#(#.####
##(#.###########
#.........O....#
#.....########.# #
#...#..... ..#.# .#
#......#.###.#O# ..#
#....#.#<.@O.#.###..##.
#....#.#####...........?
#....#[# #.............
......#. #.....###.....
##. #.....# #.##.#
.#..##.....###.##.#
............##.##.#
...........##.##.#
#................###.


You could see a two-headed ogre.

Vanquished Creatures
  Prince Ribbit (D:7)
  2 hippogriffs
  Sigmund (D:4)
  A water moccasin (D:4)
  A sky beast (D:7)
  2 orc warriors
  2 ogres
  2 phantoms
  2 centaurs
  The ghost of nebgrebaes the Gusty, an amateur TeAE (D:3)
  2 wights (D:8)
  A howler monkey (D:6)
  2 crimson imps
  2 hounds
  2 orc priests (D:7)
  8 orc wizards
  5 worker ants
  A hound zombie (D:5)
  Robin (D:2)
  A worker ant zombie (D:8)
  13 adders
  A shadow imp (D:5)
  An adder zombie (D:5)
  2 adder skeletons
  3 worms (D:3)
  3 dart slugs (D:1)
  5 leopard geckos
  15 orcs
  5 giant cockroaches
  16 goblins
  11 hobgoblins
  5 jackals
  5 quokkas
  A ball python (D:2)
  A ball python skeleton (D:4)
  4 bats
  6 frilled lizards
  3 kobolds
  A quokka zombie (D:5)
  7 rats
  A butterfly (Temple)
149 creatures vanquished.

Vanquished Creatures (collateral kills)
  An orc wizard (D:5)
  An orc (D:5)
2 creatures vanquished.

Vanquished Creatures (others)
  A hobgoblin (D:1)
  A rat (D:1)
2 creatures vanquished.

Grand Total: 153 creatures vanquished

Notes
Turn   | Place    | Note
-------+----------+-------------------------------------------
     0 | D:1      | JeffiDaFish the Draconian Assassin began the quest for the Orb.
     0 | D:1      | Reached XP level 1. HP: 17/17 MP: 1/1
   156 | D:1      | Reached skill level 4 in Stealth
   156 | D:1      | Reached XP level 2. HP: 23/24 MP: 2/2
   704 | D:2      | Reached XP level 3. HP: 29/29 MP: 3/3
   841 | D:2      | Found a glowing golden altar of the Shining One.
  1062 | D:2      | Noticed Robin
  1088 | D:2      | Killed Robin
  1088 | D:2      | Reached skill level 1 in Dodging
  1088 | D:2      | Reached XP level 4. HP: 28/37 MP: 4/4
  1700 | D:3      | Noticed nebgrebaes's ghost (amateur TeAE)
  1724 | D:3      | Reached skill level 5 in Stealth
  1799 | D:3      | Learned a level 2 spell: Call Imp
  1810 | D:3      | Gained mutation: You are robust. (+10% HP) [potion of mutation]
  1810 | D:3      | Gained mutation: You have a pair of small horns on your head. [potion of mutation]
  1810 | D:3      | Gained mutation: You possess an exceptional clarity of mind. [potion of mutation]
  1941 | D:3      | Found a white marble altar of Elyvilon.
  2248 | D:3      | Killed nebgrebaes's ghost
  2248 | D:3      | Reached XP level 5. HP: 28/48 MP: 4/6
  2692 | D:3      | Reached skill level 1 in Summonings
  2857 | D:4      | Found Poqilli's Serpentskin Sales.
  2858 | D:4      | Noticed a water moccasin
  2867 | D:4      | Killed a water moccasin
  2867 | D:4      | Reached skill level 1 in Spellcasting
  2867 | D:4      | Reached XP level 6. HP: 45/56 MP: 7/7
  2868 | D:4      | Bought 9 poisoned needles for 43 gold pieces
  3142 | D:4      | Noticed Sigmund
  3155 | D:4      | Killed Sigmund
  3242 | D:5      | Entered Level 5 of the Dungeon
  3248 | D:5      | Found Hoju's Antique Weapon Boutique.
  3251 | D:5      | Found Joataxzo's Weapon Shop.
  3270 | D:5      | Your scales start taking on an icy white colour.
  3270 | D:5      | Reached XP level 7. HP: 62/62 MP: 9/9
  3270 | D:5      | Gained mutation: Your flesh is cold resistant. (rC+) [White Draconian growth]
  3272 | D:5      | Found a glowing golden altar of the Shining One.
  3320 | D:5      | Learned a level 4 spell: Summon Ice Beast
  3370 | D:5      | Found Fapseops's Jewellery Shoppe.
  3594 | D:5      | Reached skill level 6 in Stealth
  3826 | D:6      | Learned a level 3 spell: Summon Guardian Golem
  4065 | D:6      | Found a staircase to the Ecumenical Temple.
  4077 | Temple   | Entered the Ecumenical Temple
  4153 | Temple   | Became a worshipper of Dithmenos the Shadowed
  4366 | D:6      | Reached XP level 8. HP: 47/72 MP: 11/11
  4813 | D:7      | Noticed a hippogriff
  4821 | D:7      | Killed a hippogriff
  4821 | D:7      | Reached skill level 1 in Ice Magic
  5016 | D:7      | Reached * piety under Dithmenos
  5096 | D:6      | Reached skill level 7 in Stealth
  5608 | D:7      | Found an ancient bone altar of Kikubaaqudgha.
  5608 | D:7      | Found a burning altar of Makhleb.
  5613 | D:7      | Found a faded altar of an unknown god.
  5615 | D:7      | Found a faded altar of an unknown god.
  5616 | D:7      | Found a blossoming altar of Fedhas.
  6066 | D:7      | Noticed Prince Ribbit
  6071 | D:7      | Killed Prince Ribbit
  6071 | D:7      | Reached XP level 9. HP: 80/80 MP: 12/14
  6313 | D:7      | Reached skill level 5 in Fighting
  6356 | D:7      | Learned a level 2 spell: Call Imp
  6611 | D:8      | Found Jeanoup's Book Boutique.
  7010 | D:8      | Noticed a two-headed ogre
  7044 | D:8      | HP: 1/81 [two-headed ogre/giant club (18)]
  7044 | D:8      | Mangled by a two-headed ogre

Vault maps used:
D:1:      lightli_arrival_quake, lemuel_flame_loot_1
D:2:      nicolae_tso_carved_into_rock, uniq_robin
D:3:      elyvilon_altar_1, kennysheep_boxes
D:4:      first_bread, guppyfry_shop_venom, uniq_sigmund
D:5:      kennysheep_mini_moat, serial_shops, shop, shop, shop
D:6:      minmay_temple_entry_butterflies, gup_sewer_entry_spiral
D:7:      chequers_temple_overflow_minitemple, uniq_prince_ribbit1
D:8:      serial_shops, shop_statue, blue_anna_alchemist
Temple:   minmay_crystal_spiral_temple

Skill      XL: |  1  2  3  4  5  6  7  8  9 |
---------------+----------------------------+-----
Stealth        | 4 5 6 7 |  7.7
Throwing       | 2 3 4 |  4.0
Dodging        | 1 2 3 |  3.7
Short Blades   | 3 4 |  4.8
Summonings     | 1 2 3 |  3.9
Fighting       | 3 4 5 |  5.2
Spellcasting   | 1 2 3 |  3.5
Ice Magic      | 2 3 |  3.1

Action                   |  1- 3 |  4- 6 |  7- 9 || total
-------------------------+-------+-------+-------++-------
Melee: Dagger            |    88 |    92 |    86 ||   266
       Tailslap          |     7 |     8 |    28 ||    43
       Headbutt          |       |    11 |    51 ||    62
       Rapier            |       |    22 |   176 ||   198
 Fire: Blowgun           |     9 |     9 |    36 ||    54
       Hunting sling     |       |    23 |    20 ||    43
 Cast: Call Imp          |       |       |     7 ||     7
       Summon Ice Beast  |       |       |     1 ||     1
       Summon Guardian G |       |       |     2 ||     2
  Use: Scroll            |     4 |     4 |     6 ||    14
       Potion            |     4 |     6 |     2 ||    12
 Stab: Sleeping          |     6 |    17 |    20 ||    43
  Eat: Chunk             |     1 |     6 |    14 ||    21
Armor: Skin              |    18 |    26 |    76 ||   120
Dodge: Dodged            |    34 |    60 |   171 ||   265
